 Dungeon Crawl Stone Soup version 0.22.0 (webtiles) character file.

215 CyclopB the Cudgeler (level 5, -2/48 HPs)
             Began as a Troll Gladiator on Dec 29, 2018.
             Slain by Grinder (9 damage)
             ... on level 3 of the Dungeon.
             The game lasted 00:08:23 (1880 turns).

CyclopB the Cudgeler (Troll Gladiator)              Turns: 1880, Time: 00:08:23

Health: -2/48      AC:  5    Str: 22    XL:     5   Next: 60%
Magic:  4/4        EV: 10    Int:  4    God:
Gold:   209        SH:  0    Dex: 12    Spells: 4/4 levels left

rFire    . . .     SeeInvis .   a - +0 flail
rCold    . . .     Gourm    +   (no shield)
rNeg     . . .     Faith    .   b - +0 robe
rPois    .         Spirit   .   c - +0 hat
rElec    .         Reflect  .   (no cloak)
rCorr    .         Harm     .   (gloves unavailable)
MR       .....                  (boots unavailable)
Stlth    +.........             (no amulet)
HPRegen  0.56/turn              (no ring)
MPRegen  0.09/turn              (no ring)

@: no status effects
A: large, unfitting armour, claws 3, fast metabolism 3, gourmand, regeneration
1, shaggy fur 1, tough skin 2
a: no special abilities


You were on level 3 of the Dungeon.
You were completely stuffed.

You visited 1 branch of the dungeon, and saw 3 of its levels.

You collected 209 gold pieces.

Inventory:

Hand Weapons
 a - a +0 flail (weapon)
Missiles
 d - 3 throwing nets
 h - 62 stones (quivered)
 r - 19 sling bullets
Armour
 b - a +0 robe (worn)
 c - a +0 hat (worn)
Jewellery
 j - a cursed +3 ring of dexterity {unknown}
 m - an uncursed ring of wizardry
Wands
 t - a wand of flame (29)
Scrolls
 e - 3 scrolls of remove curse {unknown}
 g - 2 scrolls of identify
 i - 2 scrolls of enchant armour {unknown}
 k - 2 scrolls of teleportation
 l - a scroll of blinking {unknown}
 n - 2 scrolls of random uselessness {unknown}
 o - 2 scrolls of fear {unknown}
 p - a scroll of amnesia {unknown}
 q - a scroll of noise {unknown}
Comestibles
 f - 6 rations
 u - 4 chunks of flesh


   Skills:
 - Level 1.5 Fighting
 + Level 5.8 Maces & Flails
 - Level 1.7 Throwing
 - Level 2.4 Dodging


You had 4 spell levels left.
You didn't know any spells.
Your spell library was empty.

Dungeon Overview and Level Annotations

Branches:
Dungeon (3/15)

Altars:
Dithmenos
Makhleb
Nemelex Xobeh

Annotations:
D:3 Grinder


Innate Abilities, Weirdness & Mutations

You are too large for most types of armour.
You have claws for hands.
Your metabolism is lightning-fast.
You like to eat raw meat.
Your natural rate of healing is unusually fast.
You are covered in fur. (AC +1)
You have very tough skin. (AC +2)


Message History

You sock Grinder!
Grinder is moderately wounded.
Grinder hits you!
You writhe in agony.
You barely miss Grinder.
Grinder is moderately wounded.
Grinder closely misses you.
You thump Grinder!
Grinder is heavily wounded.
Grinder hits you.
You barely miss Grinder.
Grinder is heavily wounded.
Grinder hits you!
You writhe in agony.
You barely miss Grinder.
Grinder is heavily wounded.
Grinder hits you.
* * * LOW HITPOINT WARNING * * *
You writhe in agony.
* * * LOW HITPOINT WARNING * * *
It was a potion of cancellation.
You feel magically purged. Grinder hits you!
You die...

###..............
#.....##.†......#
#.....##.........
#.....##.......##
#.....##....<..#
####†....##.........
###......####.........
######...#$...(.#####+###....
#<.....[.......@5.....# ....
######......####......#
...... ......# ...... ......#
...... ####### . .. #


You could see Grinder.

Vanquished Creatures
  An orc priest (D:3)
  7 gnolls (D:3)
  2 adders (D:3)
  2 oozes
  2 worms
  2 dart slugs
  3 leopard geckos
  5 orcs (D:3)
  7 bats
  4 giant cockroaches
  11 hobgoblins
  4 jackals (D:1)
  6 kobolds
  2 ball pythons
  2 frilled lizards
  7 goblins
  8 rats
75 creatures vanquished.

Notes
Turn   | Place    | Note
-------+----------+-------------------------------------------
     0 | D:1      | CyclopB the Troll Gladiator began the quest for the Orb.
     0 | D:1      | Reached XP level 1. HP: 19/19 MP: 0/0
    94 | D:1      | Reached skill level 3 in Maces & Flails
   149 | D:1      | Reached XP level 2. HP: 15/27 MP: 1/1
   327 | D:1      | Reached XP level 3. HP: 33/33 MP: 2/2
   419 | D:1      | Reached skill level 4 in Maces & Flails
   898 | D:2      | Found a burning altar of Makhleb.
  1134 | D:2      | Found a shadowy altar of Dithmenos.
  1208 | D:2      | Found a sparkling altar of Nemelex Xobeh.
  1337 | D:3      | Reached XP level 4. HP: 35/41 MP: 3/3
  1390 | D:3      | Reached skill level 5 in Maces & Flails
  1598 | D:3      | Reached XP level 5. HP: 32/48 MP: 4/4
  1813 | D:3      | Noticed Grinder
  1814 | D:3      | Paralysed by Grinder for 6 turns
  1880 | D:3      | Slain by Grinder

Skill      XL: |  1  2  3  4 |
---------------+-------------+-----
Maces & Flails | 3 4 5 |  5.8
Fighting       | |  1.5
Throwing       | |  1.7
Dodging        | |  2.4

Action                   |  1- 3 |  4- 6 || total
-------------------------+-------+-------++-------
Melee: Flail             |   121 |   105 ||   226
Throw: Stone             |    17 |    19 ||    36
  Use: Scroll            |     3 |       ||     3
       Potion            |       |     2 ||     2
 Stab: Sleeping          |     1 |       ||     1
  Eat: Chunk             |    17 |     6 ||    23
Armor: Robe              |    52 |    29 ||    81
Dodge: Dodged            |    68 |    48 ||   116
